 Dungeon Crawl Stone Soup version 0.23-a0-690-g0a1fc62c7c (webtiles) character file.

42 Morbidden the Sneak (level 3, -5/27 HPs)
             Began as a Demonspawn Assassin on Jan 11, 2019.
             Slain by an ice beast (13 damage)
             ... on level 1 of the Dungeon.
             The game lasted 00:03:00 (1235 turns).

Morbidden the Sneak (Demonspawn Assassin)           Turns: 1235, Time: 00:03:01

Health: -5/27      AC:  2    Str: 11    XL:     3   Next: 35%
Magic:  3/3        EV: 12    Int: 12    God:
Gold:   24         SH:  0    Dex: 15    Spells: 2/2 levels left

rFire    . . .     SeeInvis .   a - +2 dagger
rCold    . . .     Gourm    .   (no shield)
rNeg     . . .     Faith    .   c - +0 robe
rPois    .         Spirit   .   (no helmet)
rElec    .         Reflect  .   k - scarf {repulsion}
rCorr    .         Harm     .   (no gloves)
MR       .....                  (no boots)
Stlth    +++.......             (no amulet)
HPRegen  0.09/turn              (no ring)
MPRegen  0.08/turn              (no ring)

@: repel missiles
A: rot immunity
a: no special abilities


You were on level 1 of the Dungeon.
You were hungry.

You visited 1 branch of the dungeon, and saw 2 of its levels.

You collected 24 gold pieces.

Inventory:

Hand Weapons
 a - a +2 dagger (weapon)
 b - a +0 blowgun
Missiles
 e - 7 poisoned needles
 f - 2 curare-tipped needles
Armour
 c - a +0 robe (worn)
 d - a +0 cloak
 k - a scarf of repulsion (worn)
Scrolls
 h - a scroll of identify {unknown}
 i - 2 scrolls of teleportation {unknown}
 j - a scroll of random uselessness {unknown}
 m - 2 scrolls of amnesia {unknown}
 p - a scroll of enchant weapon {unknown}
Potions
 n - a potion of invisibility {unknown}
 o - a potion of mutation {unknown}
Comestibles
 g - 2 rations


   Skills:
 + Level 2.2 Fighting
 + Level 2.2 Short Blades
 - Level 1.7 Throwing
 + Level 1.2 Dodging
 + Level 4.3 Stealth


You had 2 spell levels left.
You didn't know any spells.
Your spell library was empty.

Dungeon Overview and Level Annotations

Branches:
Dungeon (2/15)

Altars:


Innate Abilities, Weirdness & Mutations

You are immune to rotting.


Message History

The goblin closely misses you. The ice beast closely misses you.
The rat bites you.
You climb upwards.
There is a stone staircase leading down here.
Unknown command.
Unknown command.
Unknown command.
Unknown command.
Unknown command.
Unknown command.
You hit the goblin.
The goblin is severely wounded.
The goblin hits you. The ice beast hits you. The ice beast freezes you.
Unknown command.
You hit the goblin but do no damage.
The goblin is severely wounded.
The goblin hits you. The ice beast hits you.
* * * LOW HITPOINT WARNING * * *
The ice beast freezes you!
You die...

#.###.# ##'##
#.### #.###.# #.#
#.... #.....# #.#
###.# #.#####
##.## #.# #.#
###...##### #.#
##.## #.........#
#.# #...#
#.#...###.# #.#
#...########g##.##
#.######.#
#.........rY@####
#........#
##############
##########


You could see an ice beast, a goblin and a rat.

Vanquished Creatures
  An adder (D:1)
  2 oozes (D:1)
  A goblin (D:1)
  4 hobgoblins (D:1)
  5 jackals (D:1)
  4 bats (D:1)
  2 frilled lizards (D:1)
  3 kobolds (D:1)
  3 rats (D:1)
25 creatures vanquished.

Notes
Turn   | Place    | Note
-------+----------+-------------------------------------------
     0 | D:1      | Morbidden the Demonspawn Assassin began the quest for the
                  | Orb.
     0 | D:1      | Reached XP level 1. HP: 16/16 MP: 1/1
   160 | D:1      | Reached skill level 4 in Stealth
   160 | D:1      | Gained mutation: You are immune to rotting. [demonic
                  | ancestry]
   160 | D:1      | Reached XP level 2. HP: 21/22 MP: 2/2
   176 | D:1      | Reached skill level 1 in Dodging
   567 | D:1      | Reached XP level 3. HP: 19/27 MP: 3/3
   921 | D:2      | Noticed an ice beast
  1235 | D:1      | Slain by an ice beast

Vault maps used:
D:1:      saegor_arrival_simple_e, hangedman_feature_mirror, minmay_liquid_box
D:2:      lemuel_upstairs_altar, chequers_ecumenical_altar_grove

Skill      XL: |  1  2 |
---------------+-------+-----
Short Blades   | 2 |  2.2
Stealth        | 4 |  4.3
Dodging        | 1 |  1.2
Fighting       | |  2.2
Throwing       | |  1.7

Action                   || total
-------------------------++-------
Melee: Dagger            ||    88
 Fire: Blowgun           ||     4
  Use: Potion            ||     1
 Stab: Sleeping          ||     9
Armor: Robe              ||    17
Dodge: Dodged            ||    55

Table legend:
 A = Non-vault XP
 B = Vault XP
 C = Vault XP percentage of total XP
 D = Non-vault monster count
 E = Vault monster count
 F = Vault count percentage of total count
                 A         B        C        D         E       F
            +---------+---------+-------+---------+---------+-------
      Total |      58 |       3 |   4.9 |      23 |       2 |   8.0
            +---------+---------+-------+---------+---------+-------
        D:1 |      58 |       3 |   4.9 |      23 |       2 |   8.0
            +---------+---------+-------+---------+---------+-------
